[Event "9th RTU Rapid 2019"]
[Site "Riga"]
[Date "2019.08.04"]
[Round "4.21"]
[White "Afanasiev, Vadim"]
[Black "Efremov, Vladislav"]
[Result "1/2-1/2"]
[WhiteElo "2241"]
[BlackElo "1956"]
[PlyCount "128"]
[EventDate "2019.08.05"]
[EventType "swiss"]
[EventCountry "LAT"]
[TimeControl "5400+30"]
[WhiteClock "0:00:37"]
[BlackClock "0:00:08"]

1. d4 Nf6 2. c4 e6 3. Nc3 Bb4 4. g3 c5 5. Nf3 cxd4 6. Nxd4 Nc6 7. Bg2 O-O 8. O-O a6 9. e4 Bc5 10. Nb3 Be7 11. c5 d6 12. cxd6 Bxd6 13. Be3 e5 14. h3 Qe7 15. Nd5 Nxd5 16. exd5 Nb8 17. Rc1 Nd7 18. Na5 b5 19. Nc6 Qe8 20. b4 f5 21. Bc5 Rf6 22. Re1 e4 23. Nd4 Ne5 24. f4 Nf7 25. a4 Bd7 26. axb5 axb5 27. Ra1 Rc8 28. Nb3 Rg6 29. Kh2 Ra8 30. Qd4 Rxa1 31. Rxa1 Qb8 32. Qe3 Nd8 33. Nd4 Nb7 34. Nb3 Be8 35. Rc1 Bf7 36. Rd1 Qd8 37. Bf1 Qd7 38. Be2 Rh6 39. Kg2 Rg6 40. Kh2 Rh6 41. Kg2 Rg6 42. Kh2 Rh6 43. Bf1 Rg6 44. Qe2 Be8 45. Qf2 Qc7 46. Rc1 Qd7 47. Be2 Bxc5 48. Nxc5 Qxd5 49. Nxb7 Qxb7 50. Rc5 Rf6 51. Qd4 Qd7 52. Rd5 Qc7 53. Rd8 Rf8 54. Qd5+ Kh8 55. Bxb5 Qc2+ 56. Kg1 Qb1+ 57. Kf2 Qb2+ 58. Kg1 Qb1+ 59. Kf2 Qb2+ 60. Kg1 Qb1+ 61. Kf2 Qb2+ 62. Kg1 Qb1+ 63. Kf2 Qb2+ 64. Be2 Qxb4 1/2-1/2

[Event "9th RTU Rapid 2019"]
[Site "Riga"]
[Date "2019.08.04"]
[Round "4.22"]
[White "Wedda, Dries"]
[Black "Indricans, Vadims"]
[Result "1-0"]
[WhiteElo "2234"]
[BlackElo "1878"]
[PlyCount "89"]
[EventDate "2019.08.05"]
[EventType "swiss"]
[EventCountry "LAT"]
[TimeControl "5400+30"]
[WhiteClock "0:08:51"]
[BlackClock "0:02:29"]

1. d4 Nf6 2. c4 e6 3. Nf3 d5 4. g3 c6 5. Bg2 Be7 6. O-O O-O 7. Qc2 dxc4 8. Qxc4 Nbd7 9. Nc3 Nb6 10. Qd3 c5 11. Rd1 cxd4 12. Nxd4 e5 13. Nf5 Bxf5 14. Qxf5 Qc7 15. Bg5 Rad8 16. Bxf6 Bxf6 17. Be4 Rfe8 18. Qxh7+ Kf8 19. Nd5 Nxd5 20. Bxd5 e4 21. Bxe4 Bxb2 22. Rab1 Rxd1+ 23. Rxd1 g6 24. Bxg6 Rxe2 25. Bh5 Re6 26. Rd8+ Re8 27. Rxe8+ Kxe8 28. Qg8+ Kd7 29. Qxf7+ Kd6 30. Qxc7+ Kxc7 31. Bf7 b5 32. h4 a5 33. g4 a4 34. Kg2 Kd6 35. f4 Ke7 36. Bg8 b4 37. Kf3 Kd6 38. g5 Ke7 39. h5 Kf8 40. Bc4 Kg7 41. Kg4 Bc1 42. f5 Bd2 43. f6+ Kf8 44. g6 Bh6 45. Kf5 1-0

[Event "9th RTU Rapid 2019"]
[Site "Riga"]
[Date "2019.08.04"]
[Round "4.23"]
[White "Vedrickas, Tautvydas"]
[Black "Feldmanis, Arturs"]
[Result "1-0"]
[WhiteElo "2231"]
[BlackElo "1875"]
[PlyCount "93"]
[EventDate "2019.08.05"]
[EventType "swiss"]
[EventCountry "LAT"]
[TimeControl "5400+30"]
[WhiteClock "0:00:33"]
[BlackClock "0:00:35"]

1. d4 c5 2. d5 d6 3. c4 b5 4. a4 b4 5. e4 g6 6. f4 Bg7 7. Nf3 Bg4 8. Be2 Bxf3 9. Bxf3 Bd4 10. Qe2 Nd7 11. Nd2 a5 12. Nb3 Bg7 13. O-O Qc7 14. e5 O-O-O 15. e6 fxe6 16. dxe6 Nb8 17. Qe4 Qa7 18. Nxa5 d5 19. cxd5 Qxa5 20. d6 Bd4+ 21. Kh1 Qb6 22. a5 Qa6 23. d7+ Kc7 24. Qe1 Nf6 25. f5 Nfxd7 26. Bf4+ Ne5 27. Bxe5+ Bxe5 28. Qxe5+ Qd6 29. Qe4 Qc6 30. Qe3 Qb5 31. Qe5+ Kc8 32. Rfc1 Na6 33. Be2 Qc6 34. Bxa6+ Qxa6 35. Qxc5+ Kb8 36. Qxb4+ Ka8 37. Qe4+ Qb7 38. Rc6 Rd6 39. Rac1 Rhd8 40. Rxd6 Qxe4 41. Rxd8+ Kb7 42. Rd7+ Ka6 43. Rxe7 Qf4 44. Rec7 Qxf5 45. R7c6+ Ka7 46. e7 Qf7 47. Rc8 1-0

[Event "9th RTU Rapid 2019"]
[Site "Riga"]
[Date "2019.08.04"]
[Round "4.24"]
[White "Bagatais, Janis"]
[Black "Bracker, Arne"]
[Result "0-1"]
[WhiteElo "1946"]
[BlackElo "2227"]
[PlyCount "54"]
[EventDate "2019.08.05"]
[EventType "swiss"]
[EventCountry "LAT"]
[TimeControl "5400+30"]
[WhiteClock "0:03:32"]
[BlackClock "0:02:05"]

1. e4 e5 2. Nf3 Nc6 3. Bc4 Nf6 4. d3 Bc5 5. O-O O-O 6. c3 d6 7. Re1 a6 8. Bb3 Ba7 9. Nbd2 Ng4 10. Re2 Kh8 11. h3 Nh6 12. Nf1 f5 13. Bxh6 gxh6 14. exf5 Bxf5 15. Kh2 Qf6 16. Ne3 Rae8 17. Nxf5 Qxf5 18. Qd2 Qf6 19. Rae1 Re7 20. d4 Rg7 21. dxe5 Rxg2+ 22. Kxg2 Qxf3+ 23. Kg1 Qg3+ 24. Kf1 Qxh3+ 25. Kg1 Nxe5 26. Rxe5 Qg3+ 27. Kh1 Qh4+ 0-1

[Event "9th RTU Rapid 2019"]
[Site "Riga"]
[Date "2019.08.04"]
[Round "4.25"]
[White "Damen, Jip"]
[Black "Korolev, Alexandr"]
[Result "1-0"]
[WhiteElo "2179"]
[BlackElo "2102"]
[PlyCount "77"]
[EventDate "2019.08.05"]
[EventType "swiss"]
[EventCountry "LAT"]
[TimeControl "5400+30"]
[WhiteClock "0:13:44"]
[BlackClock "0:13:28"]

1. e4 e5 2. Nf3 Nf6 3. Nxe5 Nxe4 4. Qe2 Qe7 5. Qxe4 d6 6. d4 dxe5 7. dxe5 Nc6 8. Nc3 Qxe5 9. Qxe5+ Nxe5 10. Bf4 Bd6 11. Bg3 Bf5 12. O-O-O a6 13. Bxe5 Bxe5 14. Re1 f6 15. f4 O-O-O 16. fxe5 Rhe8 17. Bc4 fxe5 18. Rhf1 Bg6 19. Bf7 Re7 20. Bxg6 hxg6 21. Re4 Rd4 22. Rfe1 Rxe4 23. Rxe4 Kd7 24. Rg4 Re6 25. Ne4 Kc6 26. c4 b5 27. cxb5+ axb5 28. Kd2 Kd5 29. Nc3+ Kc5 30. b4+ Kb6 31. Ne4 Kc6 32. Kc3 Kd5 33. Kd3 c6 34. Nc3+ Kd6 35. Ke4 Rf6 36. a4 bxa4 37. Nxa4 Ke6 38. Nc5+ Kd6 39. Nd3 1-0

[Event "9th RTU Rapid 2019"]
[Site "Riga"]
[Date "2019.08.04"]
[Round "4.26"]
[White "Alvarado Ascanio, Francisco"]
[Black "Isakovs, Janis"]
[Result "1-0"]
[WhiteElo "2166"]
[BlackElo "1923"]
[PlyCount "59"]
[EventDate "2019.08.05"]
[EventType "swiss"]
[EventCountry "LAT"]
[TimeControl "5400+30"]
[WhiteClock "0:01:19"]
[BlackClock "0:02:15"]

1. d4 c5 2. d5 e6 3. c4 exd5 4. cxd5 d6 5. Nc3 a6 6. a4 g6 7. Nf3 Bg7 8. Nd2 Nd7 9. Nc4 Ne5 10. Na3 f5 11. f4 Nf7 12. e3 Nf6 13. Bd3 O-O 14. O-O Re8 15. Qf3 Bd7 16. Bd2 Rb8 17. Rab1 Ne4 18. Nxe4 fxe4 19. Bxe4 Bxa4 20. Bd3 Bd7 21. Nc4 b5 22. Na5 Qb6 23. b3 Re7 24. Kh1 Rf8 25. Nc6 Bxc6 26. dxc6 Ne5 27. Qd5+ Kh8 28. fxe5 Rxf1+ 29. Rxf1 Rxe5 30. Bc3 1-0

[Event "9th RTU Rapid 2019"]
[Site "Riga"]
[Date "2019.08.04"]
[Round "4.27"]
[White "Martinkus, Rolandas"]
[Black "Jonsson, Gauti Pall"]
[Result "1-0"]
[WhiteElo "2155"]
[BlackElo "2080"]
[PlyCount "141"]
[EventDate "2019.08.05"]
[EventType "swiss"]
[EventCountry "LAT"]
[TimeControl "5400+30"]
[WhiteClock "0:00:20"]
[BlackClock "0:03:20"]

1. c4 e5 2. Nc3 Nc6 3. g3 f5 4. Bg2 Nf6 5. e3 Be7 6. Nge2 O-O 7. O-O d6 8. d3 Qe8 9. Rb1 a5 10. a3 Qh5 11. f4 Qg6 12. b4 axb4 13. axb4 Be6 14. b5 Nd8 15. Nd5 Bxd5 16. cxd5 Nf7 17. Nc3 Nd7 18. e4 exf4 19. gxf4 Nh6 20. Qe1 Nc5 21. Rf3 Rae8 22. e5 dxe5 23. fxe5 Bg5 24. d4 Ne4 25. Nxe4 Bxc1 26. Rxc1 fxe4 27. Rxf8+ Rxf8 28. Qxe4 Qe8 29. d6 cxd6 30. exd6 Qxe4 31. Bxe4 Rd8 32. Bxb7 Rxd6 33. d5 Nf5 34. Bc6 Rd8 35. b6 Nd6 36. Ra1 Kf7 37. Ra8 Ke7 38. b7 Nxb7 39. Bxb7 Rd6 40. Bc6 Rf6 41. Ra7+ Kf8 42. Ra2 Rg6+ 43. Rg2 Rh6 44. Kf1 g5 45. Ke2 Ke7 46. Kd3 Kd6 47. Ke4 Rh4+ 48. Kf5 h6 49. Re2 Rf4+ 50. Kg6 Rh4 51. Ba8 Rh3 52. Ra2 g4 53. Kf5 h5 54. Kg5 Ke5 55. Re2+ Kd6 56. Rd2 g3 57. hxg3 Rxg3+ 58. Kxh5 Rg1 59. Bc6 Rg8 60. Kh4 Rg1 61. Kh3 Rg8 62. Rg2 Rd8 63. Kg3 Rb8 64. Kf4 Rf8+ 65. Ke4 Rf6 66. Rg8 Rh6 67. Rd8+ Kc5 68. Be8 Ra6 69. Rc8+ Kb4 70. Rc6 Ra8 71. Bf7 1-0

[Event "9th RTU Rapid 2019"]
[Site "Riga"]
[Date "2019.08.04"]
[Round "4.28"]
[White "Germanovs, Georgijs"]
[Black "Low, Kevin"]
[Result "1/2-1/2"]
[WhiteElo "1911"]
[BlackElo "2153"]
[PlyCount "98"]
[EventDate "2019.08.05"]
[EventType "swiss"]
[EventCountry "LAT"]
[TimeControl "5400+30"]
[WhiteClock "0:00:34"]
[BlackClock "0:06:44"]

1. e4 c5 2. d4 cxd4 3. c3 dxc3 4. Nxc3 Nc6 5. Nf3 d6 6. Bc4 Nf6 7. e5 Ng4 8. e6 Bxe6 9. Bxe6 fxe6 10. Ng5 Nf6 11. Nxe6 Qd7 12. Qe2 Nd8 13. Nd4 g6 14. Bg5 Bg7 15. O-O-O O-O 16. h4 Rc8 17. Bxf6 Bxf6 18. h5 g5 19. f4 gxf4 20. h6 Rf7 21. Kb1 Nc6 22. Ne6 Bxc3 23. bxc3 Rf6 24. Nc5 Qf5+ 25. Ne4 d5 26. Rxd5 Qxd5 27. Nxf6+ exf6 28. Qg4+ Kf7 29. Qxc8 Qd3+ 30. Kb2 Qd2+ 31. Kb3 Qd5+ 32. Ka3 Qc5+ 33. Kb2 Qf2+ 34. Ka3 Qc5+ 35. Kb2 Qf2+ 36. Ka1 Qc5 37. Qd7+ Ne7 38. Qd3 f5 39. Rb1 b6 40. Re1 b5 41. Qd4 Qxd4 42. cxd4 Nc6 43. d5 Nb4 44. Re5 Kf6 45. Re6+ Kf7 46. Re5 Kf6 47. Re6+ Kf7 48. Re5 Kf6 49. Re6+ Kf7 1/2-1/2

[Event "9th RTU Rapid 2019"]
[Site "Riga"]
[Date "2019.08.04"]
[Round "4.29"]
[White "Solys, Laimutis"]
[Black "Hasani, Takin"]
[Result "1-0"]
[WhiteElo "2143"]
[BlackElo "1849"]
[PlyCount "81"]
[EventDate "2019.08.05"]
[EventType "swiss"]
[EventCountry "LAT"]
[TimeControl "5400+30"]
[WhiteClock "0:00:07"]
[BlackClock "0:07:41"]

1. e4 c5 2. Nf3 d6 3. d4 Nf6 4. Nc3 cxd4 5. Nxd4 a6 6. h3 e6 7. g4 Nfd7 8. Bg2 Nc6 9. Nb3 Be7 10. O-O b5 11. a3 Bb7 12. f4 Nb6 13. g5 O-O 14. Qg4 Rc8 15. f5 Ne5 16. Qg3 Kh8 17. Nd4 Nbc4 18. Kh1 d5 19. exd5 Qb6 20. Nce2 Bc5 21. c3 exf5 22. b3 Bd6 23. bxc4 Nxc4 24. Qf2 g6 25. Nc6 Rxc6 26. dxc6 Bxc6 27. Qxb6 Bxg2+ 28. Kxg2 Nxb6 29. Be3 Nc4 30. Bd4+ Kg8 31. a4 Re8 32. Rf2 Be7 33. axb5 axb5 34. Bf6 Bc5 35. Nd4 Ne3+ 36. Kf3 Nd5 37. Re2 Rc8 38. Rea2 Nb6 39. Nxb5 h6 40. h4 Bf8 41. Bd4 1-0

[Event "9th RTU Rapid 2019"]
[Site "Riga"]
[Date "2019.08.04"]
[Round "4.30"]
[White "Smirnova, Ekaterina"]
[Black "Nair, Sanjeev"]
[Result "1-0"]
[WhiteElo "2134"]
[BlackElo "1841"]
[PlyCount "75"]
[EventDate "2019.08.05"]
[EventType "swiss"]
[EventCountry "LAT"]
[TimeControl "5400+30"]
[WhiteClock "0:00:15"]
[BlackClock "0:02:52"]

1. d4 Nf6 2. c4 g6 3. Nc3 Bg7 4. e4 d6 5. Be2 O-O 6. Nf3 e5 7. O-O Nc6 8. d5 Ne7 9. Ne1 Nd7 10. Nd3 f5 11. b4 Nf6 12. f3 f4 13. c5 g5 14. h3 Ng6 15. Bd2 h5 16. Nf2 Rf7 17. Rc1 Bf8 18. cxd6 cxd6 19. Qc2 g4 20. fxg4 hxg4 21. hxg4 Rh7 22. Nb5 Nxg4 23. Nxg4 Bxg4 24. Bxg4 Qb6+ 25. Rf2 Qxb5 26. Be6+ Kh8 27. Bf5 Qe8 28. Qc3 Bg7 29. Rf3 Bf6 30. Rh3 Bh4 31. Qf3 Qf7 32. Qg4 Rg8 33. Be6 Ne7 34. Qxg8+ Qxg8 35. Bxg8 Kxg8 36. Rc7 Ng6 37. Rxh7 Kxh7 38. Be1 1-0

[Event "9th RTU Rapid 2019"]
[Site "Riga"]
[Date "2019.08.04"]
[Round "4.31"]
[White "Vaskevicius, Augustas"]
[Black "Radkov, Bazhen D."]
[Result "0-1"]
[WhiteElo "2022"]
[BlackElo "2133"]
[PlyCount "92"]
[EventDate "2019.08.05"]
[EventType "swiss"]
[EventCountry "LAT"]
[TimeControl "5400+30"]
[WhiteClock "0:00:37"]
[BlackClock "0:00:21"]

1. e4 e5 2. Nf3 Nc6 3. Bc4 Nf6 4. d3 Bc5 5. O-O a6 6. c3 d6 7. Bb3 h6 8. Nbd2 O-O 9. Re1 Re8 10. Nf1 Be6 11. Be3 Bxe3 12. Nxe3 d5 13. exd5 Nxd5 14. Nxd5 Bxd5 15. Bxd5 Qxd5 16. Qc2 Rad8 17. Re3 Kh8 18. h3 f5 19. Rae1 Re6 20. Qb3 f4 21. Qxd5 Rxd5 22. Re4 Rxd3 23. Rxf4 exf4 24. Rxe6 Rd1+ 25. Re1 Rxe1+ 26. Nxe1 Ne5 27. Kf1 Kg8 28. Ke2 g5 29. Nd3 Nd7 30. h4 Kf7 31. hxg5 hxg5 32. g3 fxg3 33. fxg3 Ke6 34. Kf3 Kf5 35. g4+ Ke6 36. b3 Ne5+ 37. Nxe5 Kxe5 38. Ke3 a5 39. a3 b5 40. a4 bxa4 41. bxa4 c6 42. Kd3 Kf4 43. Kc4 Kxg4 44. Kc5 Kf4 45. Kxc6 g4 46. c4 g3 0-1

[Event "9th RTU Rapid 2019"]
[Site "Riga"]
[Date "2019.08.04"]
[Round "4.32"]
[White "Rudovskii, Filipp"]
[Black "Rychagov, Nikita"]
[Result "1-0"]
[WhiteElo "2127"]
[BlackElo "1596"]
[PlyCount "123"]
[EventDate "2019.08.05"]
[EventType "swiss"]
[EventCountry "LAT"]
[TimeControl "5400+30"]
[WhiteClock "0:01:29"]
[BlackClock "0:00:30"]

1. e4 e5 2. Nf3 Nc6 3. d4 exd4 4. Nxd4 Nf6 5. Nxc6 bxc6 6. e5 Qe7 7. Qe2 Nd5 8. c4 Ba6 9. b3 g6 10. f4 d6 11. Qf2 Nf6 12. Bb2 Bg7 13. Qf3 Bb7 14. Be2 dxe5 15. O-O exf4 16. Nc3 O-O 17. Qxf4 Qd6 18. Qf3 Nd7 19. Rad1 Qc5+ 20. Kh1 Ne5 21. Qg3 Rae8 22. Ne4 Qe7 23. Bd4 Nxc4 24. Bxg7 Kxg7 25. Nf6 Qxe2 26. Nxe8+ Rxe8 27. bxc4 c5 28. Qf2 Qxf2 29. Rxf2 Re4 30. h3 Bc6 31. Rd8 Rxc4 32. Rc8 Rc1+ 33. Kh2 Bd5 34. Rxc7 a6 35. Ra7 c4 36. Rxa6 c3 37. Ra5 c2 38. Rc5 Bxa2 39. Rcxc2 Rxc2 40. Rxc2 Be6 41. Kg3 g5 42. Kf3 h5 43. Rc5 g4+ 44. Kg3 gxh3 45. gxh3 Kg6 46. Kh4 Bf5 47. Rc6+ Be6 48. Rc5 Bd7 49. Rg5+ Kf6 50. Rxh5 Kg6 51. Rg5+ Kf6 52. Rg3 Bf5 53. Ra3 Bg6 54. Ra6+ Kf5 55. Ra5+ Kf4 56. Ra4+ Be4 57. Kh5 f5 58. h4 Kg3 59. Kg5 Bc2 60. Rb4 Be4 61. h5 Bd3 62. h6 1-0

[Event "9th RTU Rapid 2019"]
[Site "Riga"]
[Date "2019.08.04"]
[Round "4.33"]
[White "Pavlovs, Nikita"]
[Black "Gudovskis, Konstantins"]
[Result "0-1"]
[WhiteElo "1845"]
[BlackElo "2015"]
[PlyCount "52"]
[EventDate "2019.08.05"]
[EventType "swiss"]
[EventCountry "LAT"]
[TimeControl "5400+30"]
[WhiteClock "0:05:21"]
[BlackClock "0:00:11"]

1. c4 e5 2. Nc3 Nc6 3. Nf3 Nf6 4. e3 g6 5. d4 exd4 6. exd4 d6 7. Be2 Bg7 8. O-O O-O 9. b3 Re8 10. Bb2 Bf5 11. d5 Ne5 12. Nxe5 Rxe5 13. Bf3 a6 14. Ne2 Re7 15. Ng3 Bd7 16. h4 h5 17. Qd2 Ng4 18. Bxg7 Kxg7 19. Nxh5+ gxh5 20. Qg5+ Kh7 21. Qxh5+ Nh6 22. g4 Bxg4 23. Bxg4 Re5 24. Bf5+ Rxf5 25. Qe2 Qxh4 26. f3 Rg8+ 0-1

[Event "9th RTU Rapid 2019"]
[Site "Riga"]
[Date "2019.08.04"]
[Round "5.1"]
[White "Saduakassova, Dinara"]
[Black "Svane, Rasmus"]
[Result "0-1"]
[WhiteElo "2437"]
[BlackElo "2612"]
[PlyCount "96"]
[EventDate "2019.08.05"]
[EventType "swiss"]
[EventCountry "LAT"]
[TimeControl "5400+30"]
[WhiteClock "0:00:18"]
[BlackClock "0:00:39"]

1. d4 d5 2. c4 c6 3. Nf3 Nf6 4. e3 Bf5 5. Nc3 a6 6. Bd3 Bg6 7. O-O e6 8. Re1 Bb4 9. Bxg6 hxg6 10. Bd2 dxc4 11. b3 Bxc3 12. Bxc3 Nd5 13. Rc1 Nxc3 14. Rxc3 cxb3 15. Qxb3 b5 16. Qa3 Qe7 17. Qa5 Qd8 18. Qa3 a5 19. Qc5 Ra6 20. Rec1 Rh5 21. Ne5 Nd7 22. Qd6 Nxe5 23. Qxd8+ Kxd8 24. dxe5 Rxe5 25. Rxc6 Rxc6 26. Rxc6 Rd5 27. g4 Rd2 28. Rc5 Rxa2 29. Rxb5 Kc7 30. Kg2 a4 31. h4 a3 32. Ra5 Kb6 33. Ra8 Kc5 34. Ra7 Kb4 35. Rxf7 Rc2 36. Rb7+ Kc3 37. Rxg7 a2 38. Ra7 Kb3 39. Kg3 Rc4 40. Rxa2 Kxa2 41. h5 gxh5 42. gxh5 Kb3 43. h6 Kc3 44. e4 Kd4 45. Kf4 Rc8 46. f3 Rf8+ 47. Kg5 Rxf3 48. h7 Rh3 0-1

[Event "9th RTU Rapid 2019"]
[Site "Riga"]
[Date "2019.08.04"]
[Round "5.2"]
[White "Pultinevicius, Paulius"]
[Black "Gagare, Shardul"]
[Result "1/2-1/2"]
[WhiteElo "2501"]
[BlackElo "2430"]
[PlyCount "59"]
[EventDate "2019.08.05"]
[EventType "swiss"]
[EventCountry "LAT"]
[TimeControl "5400+30"]
[WhiteClock "0:03:50"]
[BlackClock "0:02:25"]

1. d4 Nf6 2. c4 e6 3. Nf3 d5 4. Nc3 Be7 5. Bg5 O-O 6. e3 h6 7. Bh4 b6 8. cxd5 Nxd5 9. Bxe7 Qxe7 10. Nxd5 exd5 11. Rc1 Be6 12. Qa4 c5 13. Qa3 Rc8 14. Bb5 Kf8 15. dxc5 bxc5 16. O-O Nd7 17. Bxd7 Bxd7 18. Rfd1 Be6 19. Ne1 Rab8 20. Rc2 c4 21. Qc3 Qb4 22. Qe5 Qa4 23. a3 Rb6 24. Rcd2 Qc6 25. Nc2 Qc7 26. Qd4 Qc5 27. Qe5 Qc7 28. Qd4 Qc5 29. Qe5 Qc7 30. Qd4 1/2-1/2

[Event "9th RTU Rapid 2019"]
[Site "Riga"]
[Date "2019.08.04"]
[Round "5.3"]
[White "Kopylov, Michael"]
[Black "Kantans, Toms"]
[Result "1-0"]
[WhiteElo "2414"]
[BlackElo "2471"]
[PlyCount "59"]
[EventDate "2019.08.05"]
[EventType "swiss"]
[EventCountry "LAT"]
[TimeControl "5400+30"]
[WhiteClock "0:00:10"]
[BlackClock "0:00:15"]

1. d4 Nf6 2. c4 g6 3. g3 Bg7 4. Bg2 d5 5. cxd5 Nxd5 6. Nf3 O-O 7. O-O Nc6 8. Nc3 e5 9. Nxd5 e4 10. Ne5 Qxd5 11. Nxc6 Qxc6 12. Bf4 Bg4 13. h3 Be6 14. Rc1 Qd5 15. Rxc7 Rac8 16. Rxc8 Rxc8 17. Qb1 Qxd4 18. Bxe4 Bxa2 19. Qxa2 Qxe4 20. Qxa7 Bxb2 21. Qa2 Bd4 22. Bh6 Qf5 23. Kg2 g5 24. e3 Bf6 25. Rd1 Qe4+ 26. Kg1 Qf3 27. Qd5 Qh5 28. Qd7 Rb8 29. Qd6 Ra8 30. Qxf6 1-0

[Event "9th RTU Rapid 2019"]
[Site "Riga"]
[Date "2019.08.04"]
[Round "5.4"]
[White "Vishnu Prasanna. V"]
[Black "Korchmar, Vasiliy"]
[Result "0-1"]
[WhiteElo "2465"]
[BlackElo "2413"]
[PlyCount "92"]
[EventDate "2019.08.05"]
[EventType "swiss"]
[EventCountry "LAT"]
[TimeControl "5400+30"]
[WhiteClock "0:00:19"]
[BlackClock "0:00:16"]

1. e4 e5 2. Nf3 Nc6 3. Bc4 Bc5 4. c3 Nf6 5. d4 exd4 6. e5 d5 7. Be2 Ne4 8. cxd4 Bb6 9. O-O O-O 10. Nc3 f6 11. exf6 Nxf6 12. h3 Ne7 13. Bd3 Bf5 14. Re1 c6 15. Bf4 Bxd3 16. Qxd3 Ng6 17. Bh2 Nh5 18. Re3 Nhf4 19. Qd2 Qf6 20. Rae1 h6 21. Na4 Rf7 22. b3 Raf8 23. Nxb6 axb6 24. a4 Qf5 25. Bg3 Qh5 26. Ne5 Nxe5 27. Rxe5 Qg6 28. Re7 Nh5 29. R7e6 Rf6 30. Rxf6 Nxf6 31. Bd6 Rf7 32. f3 Nh5 33. Bb8 Rxf3 34. Re3 Qb1+ 35. Re1 Qg6 36. Re3 Rf7 37. Kh2 Nf6 38. Qb4 Qh5 39. Rf3 Ng4+ 40. Kg3 Rxf3+ 41. gxf3 Ne3 42. Qxb6 Qg5+ 43. Kf2 Nf5 44. Ke2 Qe3+ 45. Kd1 Nxd4 46. Qc5 Qe2+ 0-1

[Event "9th RTU Rapid 2019"]
[Site "Riga"]
[Date "2019.08.04"]
[Round "5.5"]
[White "Wagner, Dennis"]
[Black "Ioannidis, Evgenios"]
[Result "0-1"]
[WhiteElo "2473"]
[BlackElo "2134"]
[PlyCount "84"]
[EventDate "2019.08.05"]
[EventType "swiss"]
[EventCountry "LAT"]
[TimeControl "5400+30"]
[WhiteClock "0:00:28"]
[BlackClock "0:00:10"]

1. d4 d5 2. c4 c6 3. Nf3 Nf6 4. g3 dxc4 5. Bg2 Nbd7 6. a4 e6 7. O-O a5 8. Qc2 Nb6 9. e4 Bb4 10. Rd1 O-O 11. Bf4 Qe7 12. Nbd2 Rd8 13. Bg5 h6 14. Bh4 g5 15. Nxg5 hxg5 16. Bxg5 e5 17. dxe5 Qxe5 18. Nf3 Rxd1+ 19. Rxd1 Qxe4 20. Rd8+ Bf8 21. Qc1 Bg4 22. Rd4 Qf5 23. Rf4 Nfd5 24. Rxf5 Bxf5 25. Nh4 Bd3 26. Bh6 Bxh6 27. Qxh6 Re8 28. h3 Nxa4 29. Bf3 Nxb2 30. Bg4 Re1+ 31. Kh2 Ne7 32. Qd2 Rb1 33. Qxa5 Ng6 34. Nf3 Nd1 35. Qd8+ Kg7 36. h4 Nxf2 37. Qd4+ Kg8 38. Qxf2 c3 39. Qd4 c2 40. Qd8+ Kg7 41. Qd4+ Kg8 42. Qd8+ Nf8 0-1

[Event "9th RTU Rapid 2019"]
[Site "Riga"]
[Date "2019.08.04"]
[Round "5.6"]
[White "Evchin, Maxim"]
[Black "Krivonosov, Oleg"]
[Result "1/2-1/2"]
[WhiteElo "2269"]
[BlackElo "2445"]
[PlyCount "96"]
[EventDate "2019.08.05"]
[EventType "swiss"]
[EventCountry "LAT"]
[TimeControl "5400+30"]
[WhiteClock "0:06:30"]
[BlackClock "0:00:55"]

1. d4 d5 2. c4 e6 3. Nc3 Be7 4. Nf3 Nf6 5. g3 O-O 6. Bg2 c6 7. O-O Nbd7 8. Qd3 b6 9. e4 Bb7 10. cxd5 cxd5 11. e5 Ne4 12. Be3 Rc8 13. Rfc1 Nxc3 14. Rxc3 Rxc3 15. Qxc3 Qb8 16. Bf1 Rc8 17. Qd2 h6 18. Bd3 Bf8 19. Qe2 Qc7 20. Nh4 Be7 21. Qg4 Kf8 22. f4 Bxh4 23. Qxh4 Nb8 24. f5 Ba6 25. Bxa6 Nxa6 26. f6 gxf6 27. Qxh6+ Ke8 28. Qh8+ Kd7 29. Qxf6 Ke8 30. Rf1 Qe7 31. Bg5 Qxf6 32. Bxf6 Rc2 33. h4 Kf8 34. h5 Kg8 35. Rf4 Kh7 36. Be7 Kg7 37. Rf2 Rc4 38. Rd2 Nb8 39. b3 Rc3 40. Kf2 Nc6 41. Bg5 Nb4 42. Be3 Nc2 43. Bf4 Nb4 44. Ke2 Rc1 45. Rd1 Rc2+ 46. Rd2 Rc1 47. Rd1 Rc2+ 48. Rd2 Rc1 1/2-1/2

[Event "9th RTU Rapid 2019"]
[Site "Riga"]
[Date "2019.08.04"]
[Round "5.7"]
[White "Gukesh D"]
[Black "Miedema, David"]
[Result "1-0"]
[WhiteElo "1683"]
[BlackElo "2313"]
[PlyCount "49"]
[EventDate "2019.08.05"]
[EventType "swiss"]
[EventCountry "LAT"]
[TimeControl "5400+30"]
[WhiteClock "0:07:37"]
[BlackClock "0:06:18"]

1. c4 e5 2. Nc3 Nc6 3. g3 f5 4. Bg2 Nf6 5. e3 e4 6. d3 Bb4 7. Nge2 d5 8. cxd5 Qxd5 9. Nf4 Qe5 10. O-O Bxc3 11. bxc3 Qxc3 12. Bd2 Qe5 13. Qb3 Qe7 14. Bc3 Qf7 15. Bxf6 Qxb3 16. axb3 gxf6 17. Nd5 Kf7 18. Nxc7 Rb8 19. dxe4 fxe4 20. Bxe4 Bh3 21. Rfc1 Rhc8 22. Nb5 Ke6 23. f3 Bf5 24. Bxf5+ Kxf5 25. Nd6+ 1-0

[Event "9th RTU Rapid 2019"]
[Site "Riga"]
[Date "2019.08.04"]
[Round "5.8"]
[White "Martinkus, Rolandas"]
[Black "Nevednichy, Vladislav"]
[Result "0-1"]
[WhiteElo "2155"]
[BlackElo "2495"]
[PlyCount "70"]
[EventDate "2019.08.05"]
[EventType "swiss"]
[EventCountry "LAT"]
[TimeControl "5400+30"]
[WhiteClock "0:03:39"]
[BlackClock "0:01:51"]

1. Nf3 g6 2. c4 Bg7 3. Nc3 d6 4. d4 Nf6 5. h3 O-O 6. e4 Na6 7. g4 c5 8. g5 Nh5 9. d5 Nc7 10. Be2 e5 11. dxe6 Nxe6 12. Nd5 b5 13. Nh2 Nxg5 14. Bxh5 Re8 15. Bf3 Nxe4 16. Bxe4 Rxe4+ 17. Be3 bxc4 18. Ng4 Bb7 19. Rg1 f5 20. Qd2 fxg4 21. Rxg4 Re5 22. Nc3 d5 23. O-O-O d4 24. Bxd4 cxd4 25. Rxd4 Qf8 26. f4 Bh6 27. Kb1 Rf5 28. Qe2 Kh8 29. Rd7 Re8 30. Qxc4 Bc8 31. Rxa7 Bxf4 32. Nd5 Be6 33. Qc6 Bxd5 34. Rxd5 Re1+ 35. Kc2 Rc1+ 0-1

[Event "9th RTU Rapid 2019"]
[Site "Riga"]
[Date "2019.08.04"]
[Round "5.9"]
[White "Solys, Laimutis"]
[Black "Omelja, Artem"]
[Result "0-1"]
[WhiteElo "2143"]
[BlackElo "2436"]
[PlyCount "124"]
[EventDate "2019.08.05"]
[EventType "swiss"]
[EventCountry "LAT"]
[TimeControl "5400+30"]
[WhiteClock "0:08:22"]
[BlackClock "0:00:22"]

1. e4 e6 2. d4 d5 3. Nc3 Bb4 4. e5 Ne7 5. a3 Bxc3+ 6. bxc3 b6 7. a4 Ba6 8. Bd3 Bxd3 9. cxd3 c5 10. Nf3 Nd7 11. dxc5 bxc5 12. O-O Nc6 13. Re1 h6 14. Ba3 O-O 15. d4 Qc7 16. Qe2 Na5 17. Nd2 Rab8 18. c4 dxc4 19. dxc5 c3 20. Ne4 Nb3 21. Rad1 Nxe5 22. Nxc3 Nc6 23. Nb5 Qf4 24. Qe4 Qxe4 25. Rxe4 Rfd8 26. Nd6 Nbd4 27. h3 Rb3 28. Re3 Rdb8 29. Rdd3 Rb1+ 30. Kh2 e5 31. g4 f6 32. Nf5 Nxf5 33. gxf5 Nd4 34. Rc3 Nxf5 35. Red3 Rc8 36. Rd7 a6 37. c6 Kh7 38. a5 Kg6 39. c7 Rb7 40. Rc1 Kh5 41. Rc6 Nd4 42. Rc4 Nb5 43. Rxg7 Rcxc7 44. Rcxc7 Rxc7 45. Rxc7 Nxc7 46. Be7 Nd5 47. Bc5 Kg5 48. Kg3 Kf5 49. f3 Nf4 50. Bb6 h5 51. Bd8 Ng6 52. h4 Ke6 53. Bb6 f5 54. Bd8 Kd5 55. Kf2 Kd4 56. Bf6 Kd3 57. Bd8 e4 58. fxe4 fxe4 59. Bg5 Ne5 60. Bf4 Nc4 61. Bc7 e3+ 62. Ke1 Nd2 0-1